 Dungeon Sprint DCSS version 0.26-a0-658-gbdda728c12 (webtiles) character file.

Game seed: 15308311192291105704

60 sahdkjhfkaj the Slasher (level 3, -3/54 HPs)
             Began as a Minotaur Berserker on Oct 4, 2020.
             Was a Priest of Trog.
             Slain by a worker ant (6 damage)
             ... in the Dungeon (Sprint IX: "|||||||||||||||||||||||||||||").
             The game lasted 00:00:28 (115 turns).

sahdkjhfkaj the Slasher (Minotaur Berserker)         Turns: 115, Time: 00:00:29

Health: -3/54      AC:  2    Str: 22    XL:     3   Next: 82%
Magic:  2/2        EV: 13    Int:  4    God:    Trog [***...]
Gold:   0          SH:  0    Dex:  9    Spells: 2/2 levels left

rFire    . . .     SeeInvis .   a - +0 falchion
rCold    . . .     Faith    .   (no shield)
rNeg     . . .     Spirit   .   b - +0 animal skin
rPois    .         Reflect  .   (helmet restricted)
rElec    .         Harm     .   (no cloak)
rCorr    .         Rampage  .   (no gloves)
MR       .....     NoTele   +   (no boots)
Stlth    ..........             (no amulet)
HPRegen  0.18/turn              (no ring)
MPRegen  0.08/turn              (no ring)

@: berserking, very quick
A: retaliatory headbutt, horns 2
a: Berserk, Trog's Hand, Renounce Religion


You were in the Dungeon.
You worshipped Trog.
Trog was most pleased with you.
You visited 1 branch

Inventory:

Hand Weapons
 a - a +0 falchion (weapon)
Armour
 b - a +0 animal skin (worn)
Scrolls
 h - a scroll of blinking
Potions
 c - a potion of curing
 d - a potion of heal wounds
 e - a potion of haste
 f - 2 potions of magic
 g - a potion of berserk rage


   Skills:
 + Level 5.4 Fighting
 * Level 6.7 Long Blades
 + Level 4.6 Armour
 + Level 4.2 Dodging


You had 2 spell levels left.
You didn't know any spells.
Your spell library was empty.

Dungeon Overview and Level Annotations

Branches:
Dungeon (1/1)

Altars:


Innate Abilities, Weirdness & Mutations

You reflexively headbutt those who attack you in melee.
You have a pair of horns on your head.


Message History

You slash the scorpion!
The scorpion is heavily wounded.
The scorpion closely misses you.
You slash the scorpion!
You feel the power of Trog in you as your rage grows.
You kill the scorpion!
Trog accepts your kill.
Your Fighting skill increases to level 5!
Your Long Blades skill increases to level 6!
Your Armour skill increases to level 4!
Your Dodging skill increases to level 4!
You have reached level 3!
Your experience leads to an increase in your attributes!
Increase (S)trength, (I)ntelligence, or (D)exterity?
You feel stronger.
Unknown command.
You closely miss the worker ant. You headbutt the worker ant.
The worker ant is moderately wounded.
The worker ant bites you.
You die... ▓▓▓▓▓▓▓▓▓▓▓▓▓▓▓▓▓▓ +.JB@.'....††...<▓ ▓▓▓▓▓▓▓▓▓▓▓▓▓▓▓▓▓▓

You could see a jelly and a worker ant.

Vanquished Creatures
  A scorpion (D)
  A white imp (D)
  A bat zombie (D)
  A giant cockroach (D)
  A goblin (D)
  A bat (D)
  A frilled lizard (D)
  A rat (D)
8 creatures vanquished.

Notes
Turn   | Place    | Note
-------+----------+-------------------------------------------
     0 | D        | sahdkjhfkaj the Minotaur Berserker began the quest for the
                  | Orb.
     0 | D        | Reached XP level 1. HP: 19/19 MP: 0/0
     8 | D        | Reached skill level 4 in Long Blades
    10 | D        | Reached ** piety under Trog
   107 | D        | Noticed a jelly
   107 | D        | Noticed a worker ant
   107 | D        | Noticed a scorpion
   110 | D        | HP: 1/30 [white imp/puff of frost (8)]
   111 | D        | Reached *** piety under Trog
   111 | D        | Reached skill level 5 in Long Blades
   111 | D        | Reached XP level 2. HP: 2/28 MP: 1/1
   114 | D        | Killed a scorpion
   114 | D        | Reached skill level 5 in Fighting
   114 | D        | Reached skill level 6 in Long Blades
   114 | D        | Reached XP level 3. HP: 3/36 MP: 2/2
   115 | D        | Slain by a worker ant

Illustrated notes

Levels and vault maps discovered:
D:        linesprint [early_d, line_temple, items_1, d_10, items_2, lair_1,
          lair_end, items_3, orc_1, orc_end, items_4, d_15, swamp_1, shoals_1,
          snake_1, spider_1, d_20, vaults_1, items_5, swamp_end, shoals_end,
          snake_end, spider_end, vaults_end, d_27, items_6, zot_1, zot_end,
          crypt_end, forest_end, elf_end, slime_end, tomb_end, abyss_end,
          pan_hell_end]

Skill      XL: |  1  2 |
---------------+-------+-----
Long Blades    | 5 6 |  6.7
Fighting       | 4 5 |  5.4
Armour         | 3 4 |  4.6
Dodging        | 3 4 |  4.2

Action                   || total
-------------------------++-------
Melee: Falchion          ||    15
       Headbutt          ||     3
Invok: Berserk           ||     1
Armor: Animal skin       ||     3
Dodge: Dodged            ||    14
       Rpst.: Falchion   ||     2

Table legend: (Time is in decaauts)
 A = Elapsed time spent in this place.
 B = Non-inter-level travel time spent in this place.
 C = Inter-level travel time spent in this place.
 D = Time resting spent in this place.
 E = Time spent auto-exploring this place.
 F = Levels seen in this place.
 G = Mean time per level.
                   A        B        C        D        E       F      G
               +--------+--------+--------+--------+--------+-----+--------+
         Total |    114 |    114 |      0 |      0 |     93 |   1 |  114.0 |
       Dungeon |    114 |    114 |      0 |      0 |     93 |   1 |  114.0 |
               +--------+--------+--------+--------+--------+-----+--------+

Top non-repeatable levels by time:
       D: 114 daAuts
